 Dungeon Sprint DCSS version 0.19.0-2-gae57169 (webtiles) character file.

1736 LORDOFBUTT the Cleaver (level 8, -7/83 HPs)
             Began as a Minotaur Berserker on Nov 2, 2016.
             Was an Elder of Trog.
             Mangled by Kirke (14 damage)
             ... in the Dungeon (Sprint II: "The Violet Keep of Menkaure").
             The game lasted 00:01:47 (847 turns).

LORDOFBUTT the Cleaver (Minotaur Berserker)          Turns: 847, Time: 00:01:47

Health: -7/83      AC:  3    Str: 22    XL:     8   Next: 76%
Magic:  7/7        EV: 18    Int:  4    God:    Trog [****..]
Gold:   972        SH:  0    Dex: 12    Spells: 0 memorised, 7 levels left

rFire  . . .     SeeInvis .     a - +0 hand axe
rCold  . . .     Gourm    .     b - +0 animal skin
rNeg   . . .     Faith    .     (no shield)
rPois  .         Spirit   .     (helmet restricted)
rElec  .         Reflect  .     (no cloak)
rCorr  .         Harm     .     (no gloves)
MR     .....     NoTele   +     (no boots)
Stlth  +.........               (no amulet)
                                (no ring)
                                (no ring)

@: exhausted, slowed, very slow
A: retaliatory headbutt, horns 2
a: Berserk, Trog's Hand, Brothers in Arms, Burn Spellbooks, Renounce Religion


You were in the Dungeon.
You worshipped Trog.
Trog was greatly pleased with you.
You were not hungry.

You visited 1 branch You collected 972 gold pieces.

Inventory:

Hand Weapons
 a - a +0 hand axe (weapon)
Armour
 b - a +0 animal skin (worn)
Scrolls
 i - a scroll of blinking
Potions
 f - a potion of haste
 g - 2 potions of magic
 h - a potion of berserk rage


   Skills:
 + Level 12.1 Fighting
 + Level 12.1 Axes
 + Level 11.9 Armour
 + Level 11.0 Dodging


You had 7 spell levels left.
You didn't know any spells.

Dungeon Overview and Level Annotations

Branches:
Dungeon (1/1)

Altars:

Shops:
D [=((!}[

Annotations:
D exclusion: ice statue, Kirke


Innate Abilities, Weirdness & Mutations

You reflexively headbutt those who attack you in melee.
You have a pair of horns on your head.


Message History

The kobold demonologist begins to cast a cantrip, but forgets the words!
Something completely misses you.
The skeletal warrior hits your ogre with a halberd!!
Your ogre hits the skeletal warrior with a giant club!
The kobold demonologist begins to cast a cantrip, but forgets the words!
Something hits you.
* * * LOW HITPOINT WARNING * * *
Your ogre closely misses the skeletal warrior.
The skeletal warrior hits your ogre with a halberd.
The kobold demonologist casts a cantrip, but nothing happens.
Something hits you but does no damage.
Your ogre hits the skeletal warrior with a giant club!
The skeletal warrior hits your ogre with a halberd!!
Your ogre dies!
Your ogre's corpse disappears in a puff of smoke!
You feel better.
The kobold demonologist looks encouraged for a moment.
You hear a splashing noise.
Something hits you!
You die...

####+#### ##§§..§..##
##.§§§.§.§.## ###
+.....8§§..§#
#.3.####...§.§§.§
#5YcKz{##§..§§..#
######≈@#+++#+++##
#####≈≈≈.(.......#
....#≈≈≈≈.##+##..#
...∩#≈≈≈≈###.###.####
..∩.#≈≈≈≈#..#..#....#
.∩.∩#≈≈####.#.####..##
∩.∩.#≈##.###'###.##..#
.∩..#≈#.).##.##...#..#
...+≈+.#.'.<.'##.'..#


You could see an elephant, a skeletal warrior, a centaur warrior, a kobold
demonologist, a sixfirhy and a quasit.

Vanquished Creatures
  A siren (D)
  4 neqoxecs (D)
  Menkaure (D)
  4 worker ants (D)
  3 worms (D)
13 creatures vanquished.

Vanquished Creatures (collateral kills)
  A yaktaur captain (D)
1 creature vanquished.

Vanquished Creatures (others)
  A crocodile (D)
1 creature vanquished.

Grand Total: 15 creatures vanquished

Notes
Turn   | Place    | Note
-------+----------+-------------------------------------------
     0 | D        | LORDOFBUTT the Minotaur Berserker began the quest for the Orb.
     0 | D        | Reached XP level 1. HP: 19/19 MP: 0/0
     1 | D        | Noticed a worker ant
     1 | D        | Noticed a worker ant
     1 | D        | Noticed a worker ant
     1 | D        | Noticed a worker ant
     6 | D        | Killed a worker ant
     6 | D        | Reached XP level 2. HP: 28/28 MP: 1/1
    10 | D        | Reached skill level 5 in Fighting
    10 | D        | Reached skill level 5 in Axes
    10 | D        | Reached XP level 3. HP: 33/36 MP: 2/2
    13 | D        | Reached ** piety under Trog
    13 | D        | Reached skill level 5 in Armour
    13 | D        | Reached XP level 4. HP: 33/44 MP: 3/3
    18 | D        | Reached skill level 5 in Dodging
    51 | D        | Killed a crocodile
   256 | D        | Reached *** piety under Trog
   285 | D        | Noticed a siren
   302 | D        | Killed a siren
   302 | D        | Reached XP level 5. HP: 23/57 MP: 4/4
   302 | D        | Reached XP level 6. HP: 26/63 MP: 5/5
   501 | D        | Noticed a neqoxec
   501 | D        | Noticed a neqoxec
   501 | D        | Noticed a neqoxec
   501 | D        | Noticed a neqoxec
   504 | D        | Killed a neqoxec
   504 | D        | Reached **** piety under Trog
   504 | D        | Reached XP level 7. HP: 71/71 MP: 6/6
   508 | D        | Killed a neqoxec
   508 | D        | Reached skill level 10 in Fighting
   508 | D        | Reached skill level 10 in Axes
   508 | D        | Reached skill level 10 in Armour
   508 | D        | Killed a neqoxec
   509 | D        | Killed a neqoxec
   617 | D        | Noticed Menkaure
   618 | D        | Noticed an ice statue
   628 | D        | Killed Menkaure
   628 | D        | Reached XP level 8. HP: 36/82 MP: 7/7
   827 | D        | Found Diri's Gadget Boutique.
   827 | D        | Found Yfuenkat's Antique Armour Shop.
   827 | D        | Noticed Kirke
   827 | D        | Noticed a skeletal warrior
   827 | D        | Noticed a yaktaur captain
   828 | D        | Noticed a kobold demonologist
   828 | D        | Found Pocil's Weapon Boutique.
   828 | D        | Found Ithixak's Distillery.
   828 | D        | Noticed an elephant
   829 | D        | Found Haytitt's Jewellery Boutique.
   829 | D        | Found Ganics's Antique Weapon Shop.
   830 | D        | Noticed a centaur warrior
   831 | D        | Found Papsuep's Antique Armour Boutique.
   831 | D        | Noticed a sixfirhy
   841 | D        | HP: 4/82 [yaktaur captain (18)]
   844 | D        | Killed a yaktaur captain
   845 | D        | HP: 1/83 [something (2)]
   847 | D        | Mangled by Kirke

Skill      XL: |  1  2  3  4  5  6  7  8 |
---------------+-------------------------+-----
Fighting       | 4 5 9 11 12 | 12.1
Axes           | 4 5 6 9 11 12 | 12.1
Armour         | 4 5 9 10 11 | 11.9
Dodging        | 3 4 8 9 11 | 11.0

Action                   |  1- 3 |  4- 6 |  7- 9 || total
-------------------------+-------+-------+-------++-------
Melee: Hand axe          |    10 |    30 |    19 ||    59
       Headbutt          |     2 |     8 |     1 ||    11
Invok: Berserk           |     1 |     1 |     1 ||     3
       Brothers in Arms  |       |       |     1 ||     1
  Use: Potion            |       |       |     2 ||     2
  Eat: Bread ration      |       |       |     1 ||     1
Armor: Animal skin       |       |       |     1 ||     1
Dodge: Dodged            |     3 |     8 |    13 ||    24
